[Event "26th Womens ECCC 2022"]
[Site "Mayrhofen"]
[Date "2022.10.06"]
[Round "4.30"]
[White "Peglau, Dora"]
[Black "Johannsdottir, Johanna Bjorg"]
[Result "1/2-1/2"]
[ECO "A40"]
[WhiteElo "1745"]
[BlackElo "1964"]
[Annotator "TA"]
[PlyCount "169"]
[EventDate "2022.10.03"]
[EventType "team-tourn"]
[EventCountry "AUT"]
[SourceTitle "playchess.com"]
[Source "ChessBase"]
[SourceQuality "1"]
[TimeControl "40/5400+30:1800+30"]

1. d4 g6 2. Nf3 Bg7 3. Nbd2 d6 4. e4 Nd7 5. Bd3 e5 6. c3 Ngf6 7. O-O O-O 8. dxe5 dxe5 $1 {[%emt 0:04:20] The main line 8...dxe5 scores better than 8...Nxe5.} 9. Nc4 {[%emt 0:02:53] B07: Pirc Defence: Miscellaneous Systems.} Nc5 {[%emt 0:02:41][%csl LRd3,LRe4] [#]} 10. Nfxe5 $146 ({Predecessor:} 10. Bc2 Ncxe4 11. Qxd8 Rxd8 12. Ncxe5 h6 13. Bb3 Nd5 14. Re1 Nc5 15. Bc4 c6 16. Bd2 Na4 17. Bb3 Nc5 18. Bc4 Na4 19. Bb3 Nc5 {½-½ (19) Schmidt,R (1909)-Zachos,I (1975) Germany 2016}) 10... Be6 11. Bc2 Ncxe4 12. Be3 Qe7 13. Qe2 Nd6 14. Nxd6 Qxd6 15. Nd3 Rfe8 16. Rad1 (16. Qf3 $11) 16... Bg4 $1 $17 ({Much less strong is} 16... Bxa2 17. Nc1 (17. Nb4 Qe6 $11) 17... Qe6 18. b3 $16) 17. f3 {[%emt 0:00:28] [#]} Bh6 $1 $36 {[%emt 0:04:41][%mdl 2048] White is under strong pressure.} 18. fxg4 {[%emt 0:13:56] Threatens to win with Nf4.} Bxe3+ ({Better is} 18... Rxe3 $17 19. Qf2 Nxg4 20. Qxf7+ Kh8) 19. Nf2 {[%emt 0:05:39] [#]} (19. Kh1 $1 $11) 19... Qb6 (19... Qxh2+ $1 $17 20. Kxh2 Bf4+ 21. Kh1 Rxe2) 20. Ba4 (20. Qf3 $1 $15) 20... Re4 21. Bc2 {[%emt 0:07:56] And now g5 would win.} Rf4 22. g3 Rxf2 23. Rxf2 Bxf2+ ({And not} 23... Nxg4 24. Qxg4 Bxf2+ 25. Kh1 $15) (23... Re8 {is interesting.} 24. Bb3 Kg7 25. Kg2 Bxf2 26. Qxf2 Qxf2+ 27. Kxf2 Nxg4+ 28. Kg1 Ne5) 24. Qxf2 Qxf2+ 25. Kxf2 Nxg4+ {[%emt 0:00:07][%mdl 4096] Endgame KRB-KRN} 26. Kg1 Ne3 27. Rd2 Nxc2 28. Rxc2 {[%emt 0:00:02] KR-KR} Rd8 29. Kf2 f5 30. Re2 Kf7 {[%emt 0:00:07] Prevents Re7+.} 31. h4 h6 32. a4 Kf6 33. Rc2 Rd1 34. Ke2 Ra1 35. b3 Ra3 36. Rb2 g5 37. hxg5+ Kxg5 38. Kf3 c5 39. c4 Ra1 40. Rd2 Rf1+ 41. Kg2 Rb1 42. Rd3 (42. Rd7 {was necessary.} Rb2+ 43. Kf1) 42... Kg4 $19 {[%emt 0:00:10] aiming for ...a5.} 43. Kf2 Rb2+ 44. Kg1 h5 45. Kf1 $2 (45. a5) 45... b6 46. Re3 Rd2 (46... h4 $142 47. gxh4 Kxh4) 47. Kg1 Rb2 $2 (47... Ra2 $19 {Hoping for ...Rc2.} 48. Rd3 Rb2) 48. Rd3 $2 (48. Kf1 $11 h4 49. gxh4) 48... h4 49. gxh4 Kxh4 50. a5 Kg4 51. Rd7 Ra2 52. axb6 axb6 53. Rd6 Rb2 54. Rxb6 Kg3 (54... f4 $17 {Strongly threatening ...Kf3.} 55. Kf1 Kg3) 55. Kf1 (55. Rg6+ $1 $11 {was the only way to keep the balance.} Kf3 56. Rc6) 55... f4 $17 {[%emt 0:00:38] White must now prevent ...Rb1+.} 56. Rf6 $2 (56. Ke1 $17) 56... Rxb3 $19 57. Rf5 Kf3 (57... Rc3 $142 58. Rxc5 Rc1+ 59. Ke2 f3+ 60. Ke3 f2 61. Rg5+ Kh4 62. Rg8 f1=Q 63. Rh8+ Kg4 64. Rg8+ Kf5 65. Rf8+ Ke5 66. Rxf1 Rxf1 67. Ke2 Rf4 68. Kd2 Rxc4 69. Kd3 Rc6 70. Ke3 Rd6 71. Kf3 Rd3+ 72. Ke2 Ke4 73. Kf2 Rd4 74. Ke2 Kf4 75. Kf2 Rd2+ 76. Ke1 Ke3 77. Kf1 Kf3 78. Kg1 Rd1+ 79. Kh2 Rf1 80. Kh3 Rh1#) 58. Kg1 Rb1+ 59. Kh2 Rb4 $2 (59... Kg4 $19 60. Rf8 Rc1) 60. Rxc5 $11 {[%emt 0:00:50] The position is equal.} Kf2 61. Rb5 {[%emt 0:02:19] Inhibits Rb7.} Rxc4 62. Rb2+ Kf1 63. Rb1+ Ke2 64. Rb2+ Ke1 65. Kg2 Rc3 66. Rb1+ Ke2 67. Rb2+ Ke3 68. Rf2 Rc1 69. Rf3+ Ke4 70. Ra3 Rd1 71. Kf2 Rd2+ 72. Ke1 Rg2 73. Kf1 Rh2 74. Kg1 Rb2 75. Kf1 Kf5 76. Ra5+ Kg4 77. Ra3 Rb1+ 78. Kf2 Rc1 79. Rb3 Rc4 80. Ra3 f3 81. Ra8 Rc2+ 82. Kf1 f2 83. Rf8 Kg3 {[%emt 0:00:07] ( -> ...Rc1+)} 84. Rg8+ Kf3 85. Rf8+ {[%emt 0:00:07] Weighted Error Value: White=0.64/Black=0.55} 1/2-1/2

[Event "26th Womens ECCC 2022"]
[Site "Mayrhofen"]
[Date "2022.10.06"]
[Round "4.31"]
[White "Thorsteinsdottir, Hallgerdur"]
[Black "Peglau, Mirjam"]
[Result "1-0"]
[ECO "C07"]
[WhiteElo "1959"]
[BlackElo "1886"]
[Annotator "TA"]
[PlyCount "120"]
[EventDate "2022.10.03"]
[EventType "team-tourn"]
[EventCountry "AUT"]
[SourceTitle "playchess.com"]
[Source "ChessBase"]
[SourceQuality "1"]
[TimeControl "40/5400+30:1800+30"]

1. e4 e6 2. d4 d5 3. Nd2 c5 4. Ngf3 cxd4 5. Nxd4 Nc6 6. Nxc6 {[%emt 0:09:47] C07: French Tarrasch: 3...c5, 4 Ngf3 and 4 exd5 Qxd5.} bxc6 7. exd5 cxd5 8. Bd3 {[%emt 0:00:59] The position is equal.} Nf6 9. O-O Be7 10. Nf3 O-O 11. Re1 {[%emt 0:06:54] [#]} Qb6 $146 ({Predecessor:} 11... Bb7 12. b3 Rc8 13. Bb2 Nd7 14. Rc1 Bf6 15. Bxf6 Qxf6 16. Be2 e5 17. c4 e4 {0-1 (88) Rozman,M (2141)-Berend,E (2332) Bled 2018}) 12. Qe2 a5 13. Ne5 Ba6 14. Bg5 Bxd3 15. Nxd3 h6 16. Bh4 Rac8 17. c3 Rc4 18. Bg3 Ne4 19. Be5 Bf6 20. Qe3 Qxe3 21. Rxe3 Bxe5 22. Nxe5 Rc7 23. c4 Nf6 24. cxd5 Nxd5 25. Ra3 Rfc8 {[%emt 0:00:47] [#] ( -> ...Rc1+)} 26. g3 Rc2 27. b3 R2c5 28. Nd3 Rc3 29. Rd1 Ra8 30. Ra4 Rc2 31. Rc1 Rd2 32. Ne5 Nb6 33. Nc4 Nxc4 34. Rcxc4 $11 {[%emt 0:01:20][%mdl 4096] Endgame KRR-KRR} Rd5 {[%emt 0:04:54] Against Rc5} 35. b4 Kh7 36. Rc5 (36. Rc7 $11) 36... Rxc5 (36... axb4 $17 37. Rxa8 Rxc5) 37. bxc5 $17 {[%emt 0:00:09] KR-KR} Ra6 $2 {[%emt 0:00:23] [#]} (37... Kg6 $11) 38. Kf1 $1 $18 Kg6 39. Ke2 e5 40. Kd3 {[%emt 0:01:30] Hoping for Kc4.} Kg5 $2 (40... Kf6 41. Kc4 Ke6) 41. h3 $2 (41. Kc4 $18 {is the precise move to win.}) 41... g6 $2 {[%emt 0:09:20] A mistake that costs the game.} (41... Kf6 $16 42. Kc4 Ke6) 42. Ke4 (42. Kc4 $142) 42... Kf6 43. Kd5 Ke7 44. Kxe5 f6+ (44... g5 $142 45. Kd5 Kd8) 45. Kd5 Kd7 {[%emt 0:00:01] Inhibits c6+.} 46. Rh4 Re6 47. Rxh6 Re5+ 48. Kc4 ({Less strong is} 48. Kd4 Re2 49. Rxg6 Rxf2 $18) 48... Kc6 49. Rxg6 Rxc5+ 50. Kd3 Rf5 51. f4 Kd5 52. Rg8 Rh5 53. h4 Ke6 54. Kc4 {[%emt 0:00:35] Prevents Rb5.} Kd6 $2 (54... a4 55. a3 Rh7) 55. a4 Rc5+ 56. Kd4 {[%emt 0:00:29] White threatens Rd8+ and mate.} Rd5+ 57. Ke4 {[%emt 0:00:10] Rd8+ would kill now.} Rh5 58. Rb8 Kc6 59. Rb5 Rxb5 60. axb5+ Kxb5 {Weighted Error Value: White=0.22 (precise) /Black=0.43} 1-0

[Event "26th Womens ECCC 2022"]
[Site "Mayrhofen"]
[Date "2022.10.06"]
[Round "4.32"]
[White "Peglau, Sarah"]
[Black "Thorsteinsdottir, Gudlaug"]
[Result "0-1"]
[ECO "D30"]
[WhiteElo "1794"]
[BlackElo "2014"]
[Annotator "TA"]
[PlyCount "55"]
[EventDate "2022.10.03"]
[EventType "team-tourn"]
[EventCountry "AUT"]
[SourceTitle "playchess.com"]
[Source "ChessBase"]
[SourceQuality "1"]
[TimeControl "40/5400+30:1800+30"]

1. d4 d5 2. c4 e6 3. e3 Nf6 4. Nf3 c5 5. Nc3 Nc6 6. a3 a6 7. dxc5 Bxc5 8. b4 Bd6 9. Bb2 O-O 10. Rc1 Re8 {[%emt 0:10:23] [#] D40: Queen's Gambit Declined: Semi-Tarrasch with 5 e3.} (10... Ne5 $5 ) 11. Qc2 $146 ({Predecessor:} 11. Be2 dxc4 12. Bxc4 b5 13. Bd3 Bb7 14. O-O e5 15. Ne4 Nxe4 16. Bxe4 Rc8 17. Qd3 h6 18. Rfd1 {1-0 (30) Garnier,R (2162)-Reides,M (2338) Buenos Aires 2015}) 11... dxc4 {[%emt 0:12:18] Strongly threatening ...b5.} 12. Bxc4 (12. Ne4 {is more complex.} Nxe4 13. Qxe4 Nxb4 14. axb4 Bxb4+ 15. Bc3) 12... b5 {[%emt 0:00:47] The position is equal.} 13. Bd3 {[%emt 0:12:06] Black must now prevent Ne4.} Bb7 14. Ne4 Bxb4+ $2 15. axb4 $18 Nxb4 16. Nxf6+ Kh8 17. Qc3 (17. Nxe8 Nxc2+ 18. Bxc2 Qa5+ 19. Ke2 Rxe8 $11) 17... Nxd3+ {[%emt 0:02:04] [#]} 18. Kf1 $4 {[%emt 0:00:40][%mdl 8192] [#]} (18. Qxd3 $3 $18 {[%mdl 512] was the only winning move.} Qxd3 19. Ne5 gxf6 20. Nxd3) 18... Rc8 $1 $19 ({Inferior is} 18... gxf6 19. Rd1 Be4 20. Ng5 $15) ({Worse is} 18... Qxf6 19. Qxf6 gxf6 20. Bxf6+ Kg8 21. Rc7 $17) 19. Qd2 Rxc1+ 20. Bxc1 gxf6 21. Ba3 Qd5 22. Ke2 (22. Ne1 $142 Ne5 23. Qxd5 Bxd5 24. f3) 22... Ne5 $2 (22... Rd8 $19 {is more deadly.} 23. Qc3 Kg8) 23. Nxe5 fxe5 24. Bb2 $2 (24. Qxd5 $17 Bxd5 25. Ra1) 24... f6 $2 (24... Qxg2 {( -> ...Qf3+)} 25. Bxe5+ Kg8) 25. Rg1 $2 (25. Qxd5 {might work better.} Bxd5 26. Ra1) 25... Qc4+ {[%emt 0:01:07] Black is clearly winning.} 26. Ke1 Rc8 27. f4 (27. f3 $142) 27... Qe4 {[%emt 0:00:40] aiming for ...Bd5.} 28. fxe5 {[%emt 0:00:00] Weighted Error Value: White=1.07/Black=0.65} 0-1

[Event "26th Womens ECCC 2022"]
[Site "Mayrhofen"]
[Date "2022.10.07"]
[Round "5.1"]
[White "Kashlinskaya, Alina"]
[Black "Bulmaga, Irina"]
[Result "1-0"]
[ECO "E49"]
[WhiteElo "2482"]
[BlackElo "2417"]
[Annotator "TA"]
[PlyCount "109"]
[EventDate "2022.10.03"]
[EventType "team-tourn"]
[EventCountry "AUT"]
[SourceTitle "playchess.com"]
[Source "ChessBase"]
[SourceQuality "1"]
[TimeControl "40/5400+30:1800+30"]

1. d4 Nf6 2. c4 e6 3. Nc3 Bb4 4. e3 O-O 5. Bd3 d5 6. a3 Bxc3+ 7. bxc3 dxc4 8. Bxc4 c5 9. Ne2 Qc7 10. Bd3 e5 {[%emt 0:03:28] 10...b6 is setting a new trend.} 11. dxe5 {[%emt 0:00:14] E49: Nimzo-Indian: Rubinstein: 5 Bd3 d5 6 a3 Bxc3+ 7 bxc3.} Qxe5 12. O-O {[%emt 0:00:25] [#]} Bf5 $146 ({Predecessor:} 12... b6 13. Qc2 Rd8 14. Bb2 Bb7 15. c4 Qg5 16. Ng3 Nbd7 17. f4 Qg4 18. e4 Nf8 19. Bxf6 gxf6 {1-0 (29) Grischuk,A (2745)-Suleymanli,A (2537) Chess.com INT 2022}) 13. Bxf5 {[%emt 0:00:16] The position is equal.} Qxf5 14. f3 Nc6 15. e4 Qe6 16. Be3 Rfd8 17. Qa4 a6 (17... b6 $11 {remains equal.}) 18. Bxc5 $16 Rd2 {[%emt 0:22:41] [#] Threatens to win with ...b5.} 19. Nf4 $1 Qe5 20. Be3 Rd7 21. Qc2 Rad8 22. Ne2 Nd5 {[%emt 0:01:56] This costs Black the game.} (22... Qe6 $16) 23. Bd4 $18 Nxd4 24. cxd4 Qc7 (24... Ne3 $2 25. Qc1 (25. dxe5 Nxc2 26. Ra2 Ne3 $16) 25... Qg5 26. Kf2 $18) 25. Rfc1 Qxc2 26. Rxc2 Ne7 27. d5 Nc8 28. Nd4 Ne7 29. Rac1 g5 30. Rc7 Kg7 31. Nb3 b5 32. Na5 Kf6 (32... Nxd5 $142 33. exd5 Rxc7 34. Rxc7 Rxd5) 33. Nb7 Rxc7 34. Rxc7 {[%emt 0:00:05][%mdl 4096] Endgame KRN-KRN} Rc8 35. e5+ Kxe5 36. Rxe7+ Kxd5 37. Rxf7 {[%emt 0:04:47] KRN-KR} Rc3 38. Rf5+ Kd4 39. Rxg5 Rxa3 40. Nd8 b4 $2 (40... Rc3 {keeps fighting.} 41. Ne6+ Ke3 42. Re5+ Kd3) 41. Nc6+ Kc3 {[%emt 0:03:36] [#] Hoping for ...b3.} 42. Rc5+ Kb3 (42... Kb2 $142 43. Nxb4 a5) 43. f4 {[%emt 0:00:00][%cal Bf3f4,Bf4f5,Bf5f6][%mdl 32] f5 is the strong threat.} Ra2 44. f5 {[%emt 0:00:00] White threatens f6 and mate.} Rd2 45. f6 {[%emt 0:00:00] White wants to mate with f7.} Rd1+ 46. Kf2 {[%emt 0:00:00] Intending f7 and mate.} Rd6 47. Na5+ Ka4 48. Rf5 {[%emt 0:00:00] White mates.} Rd8 49. Nb7 Rf8 50. Nc5+ Ka3 51. Rf3+ Ka2 52. f7 a5 53. Ne6 Rxf7 54. Rxf7 a4 55. Nc5 {[%emt 0:00:00] Weighted Error Value: White=0.09 (flawless) /Black=0.45} 1-0

[Event "26th Womens ECCC 2022"]
[Site "Mayrhofen"]
[Date "2022.10.07"]
[Round "5.2"]
[White "Saduakassova, Dinara"]
[Black "Kiolbasa, Oliwia"]
[Result "1/2-1/2"]
[ECO "D35"]
[WhiteElo "2434"]
[BlackElo "2404"]
[Annotator "TA"]
[PlyCount "75"]
[EventDate "2022.10.03"]
[EventType "team-tourn"]
[EventCountry "AUT"]
[SourceTitle "playchess.com"]
[Source "ChessBase"]
[SourceQuality "1"]
[TimeControl "40/5400+30:1800+30"]

1. c4 e6 2. Nc3 d5 3. d4 Nf6 4. cxd5 exd5 5. Bg5 c6 6. e3 h6 7. Bh4 Be7 8. Bd3 O-O 9. Nge2 $1 {[%emt 0:04:23][%mdl 4] outshines the older 9.Qc2. D35: Queen's Gambit Declined: Exchange Variation.} Re8 10. O-O Nbd7 11. a4 Bd6 {[%emt 0:01:30][%cal Od6h2] [#]} 12. Bg3 $146 ({Predecessor:} 12. Kh1 a5 13. Qd2 Qe7 14. Rae1 Bb8 15. Ng3 Ne4 16. Bxe4 Qxh4 17. Bf5 g6 18. Bxd7 Bxd7 {½-½ (57) Korobov,A (2672)-Heberla,B (2562) Bratislava 2022}) 12... Bxg3 13. Nxg3 a5 14. Qd2 Nf8 15. Rad1 Ne6 16. Bc2 Ng5 17. f3 Qb6 18. h4 Ne6 19. Nf5 Bd7 20. e4 c5 (20... Qxb2 $2 21. e5 Nf4 22. Nxh6+ (22. exf6 Bxf5 23. Bxf5 Qxd2 $18) (22. Rb1 $2 Qxc3 23. Qxc3 Ne2+ 24. Kf2 Nxc3 $17) 22... Kf8 23. exf6 $18) 21. Nxd5 (21. e5 {keeps more tension.} cxd4 22. Qf2 Nh5 23. Nxd5 Qc5 24. Be4) 21... Nxd5 22. exd5 Nxd4 23. Nxd4 cxd4 24. Qxd4 Qd6 25. Rf2 Rac8 26. Bb1 Rc5 27. Rc2 Rxc2 28. Bxc2 b5 29. axb5 Bxb5 30. Be4 a4 31. Kf2 Bd7 32. Bd3 Rb8 33. Rc1 h5 34. Rc2 Re8 35. Re2 Rb8 $1 {[%emt 0:00:28] The position is equal.} 36. Rc2 Re8 37. Re2 Rb8 $1 38. Rc2 {[%emt 0:01:38] Weighted Error Value: White=0.15 (very precise) /Black=0.10 (very precise)} 1/2-1/2

[Event "26th Womens ECCC 2022"]
[Site "Mayrhofen"]
[Date "2022.10.07"]
[Round "5.3"]
[White "Antolak, Julia"]
[Black "Atalik, Ekaterina"]
[Result "0-1"]
[ECO "C60"]
[WhiteElo "2315"]
[BlackElo "2406"]
[Annotator "TA"]
[PlyCount "70"]
[EventDate "2022.10.03"]
[EventType "team-tourn"]
[EventCountry "AUT"]
[SourceTitle "playchess.com"]
[Source "ChessBase"]
[SourceQuality "1"]
[TimeControl "40/5400+30:1800+30"]

1. e4 e5 2. Nf3 Nc6 3. Bb5 g6 4. d4 exd4 5. c3 dxc3 6. Nxc3 {[%emt 0:01:20] C60: Ruy Lopez: Unusual Black 3rd moves and 3...g6.} Bg7 7. Bg5 {[%emt 0:01:06][%mdl 1024] White has compensation.} f6 8. Bh4 {[%emt 0:16:06][%cal Oe4e5] The position is equal.} d6 {[%emt 0:06:42] Prevents e5.} 9. O-O {[%emt 0:05:22][%cal Oe4e5] [#]} (9. e5 {keeps more tension.} dxe5 10. Qxd8+ Kxd8 11. Rd1+) 9... Nge7 $146 ({Predecessor:} 9... Bd7 10. Nd5 Ne5 11. Bxd7+ Qxd7 12. Nd4 c6 13. f4 cxd5 14. exd5 Ng4 15. Rc1 Rc8 {0-1 (52) Brendel,B (2111)-Stoyanov,P (2269) Berkel 2003}) 10. Qb3 Bd7 (10... a6 $11 11. Bc4 Qd7) 11. Rad1 $1 $14 {[%emt 0:10:37][%cal Oe4e5] e5! is the strong threat.} Na5 {[%emt 0:07:11] [#]} (11... g5 $14) 12. Qc2 ({Not} 12. Qe6 g5 13. Bxd7+ Qxd7 14. Qxd7+ Kxd7 $17) (12. Qa3 $1 $16 ) 12... O-O $11 13. Be2 (13. e5 $5) 13... Nac6 {[%emt 0:06:52] Prevents e5.} 14. b4 a6 15. a4 g5 $1 16. Bg3 g4 $1 17. Nh4 Kh8 (17... f5 $1 $15 18. exf5 Nxf5 19. Nxf5 Bxf5) 18. b5 axb5 19. axb5 Ne5 20. b6 f5 21. exf5 Nxf5 22. bxc7 Qxc7 23. Nxf5 Bxf5 24. Qb3 (24. Qd2 $11) 24... Qc5 $15 {[%emt 0:13:10] [#] Hoping for ...Ra3.} 25. Na4 $2 {[%emt 0:06:10] Loses the game.} (25. Rd5 $1 $15 Ra3 26. Rxc5 Rxb3 27. Rc7) 25... Qc2 $19 26. Qxc2 Bxc2 27. Nb6 Bxd1 28. Rxd1 Ra2 29. Bf1 Rb2 30. Rxd6 (30. Na4 {keeps fighting.} Rb4 31. Nc3) 30... Nf7 31. Re6 Ng5 32. Re5 Rxb6 33. Rxg5 Rb1 {[%emt 0:00:43] And now ...Rd8 would win.} 34. Rxg4 $2 (34. Rb5 Rd1 35. Rxb7) 34... Rd8 {[%emt 0:01:29] ( -> ...Rdd1)} 35. Re4 h6 {[%emt 0:01:18] Weighted Error Value: White=0.45/Black=0.13 (very precise)} 0-1

[Event "26th Womens ECCC 2022"]
[Site "Mayrhofen"]
[Date "2022.10.07"]
[Round "5.4"]
[White "Efroimski, Marsel"]
[Black "Majdan, Joanna"]
[Result "1-0"]
[ECO "B62"]
[WhiteElo "2462"]
[BlackElo "2301"]
[Annotator "TA"]
[PlyCount "49"]
[EventDate "2022.10.03"]
[EventType "team-tourn"]
[EventCountry "AUT"]
[SourceTitle "playchess.com"]
[Source "ChessBase"]
[SourceQuality "1"]
[TimeControl "40/5400+30:1800+30"]

1. e4 c5 2. Nf3 Nc6 3. d4 cxd4 4. Nxd4 Nf6 5. Nc3 d6 6. Bg5 e6 7. Qd3 a6 8. Nxc6 {[%emt 0:00:04] is now debated instead of 8.0-0-0. B62: Sicilian: Richter-Rauzer: 6...e6: Unusual White 7th moves.} bxc6 9. O-O-O Qa5 10. h4 {[%emt 0:00:24] [#] White is slightly better.} Rb8 $146 ({Predecessor:} 10... Be7 11. Be2 Rb8 12. Qg3 Qb4 13. b3 h6 14. Bd2 Nxe4 15. Nxe4 Qxe4 16. Qxg7 Qh7 {1-0 (61) Aagaard,J (2464)-Lima,D (2488) Charlotte 2022}) 11. Qg3 h6 12. Bxf6 gxf6 13. Bc4 h5 14. Rd3 {[%emt 0:07:03] White is more active.} (14. f4 $14) 14... Qc5 15. Bb3 a5 16. Rhd1 e5 ({Black should try} 16... Ba6 $14) 17. Na4 (17. Kb1 $16) 17... Qb4 {[%emt 0:02:32] [#]} ({Better is} 17... Qa7 $1 $14) 18. f3 $1 $16 {[%emt 0:14:29][%cal Od3d6] Strongly threatening Rxd6!} Ba6 $2 {[%emt 0:11:56][%mdl 8192] Black cannot hold the game after this.} (18... Be6 $16) 19. a3 $18 Qb5 (19... Qb7 $142 20. Rxd6 Bxd6) 20. Rxd6 Bxd6 21. Qg7 Qxb3 22. cxb3 Ke7 {[%emt 0:00:03] [#]} 23. Rxd6 $1 Kxd6 24. Qxf6+ Kc7 25. Qxf7+ {[%emt 0:01:51] Weighted Error Value: White=0.09 (flawless) /Black=1.06} 1-0

[Event "26th Womens ECCC 2022"]
[Site "Mayrhofen"]
[Date "2022.10.07"]
[Round "5.5"]
[White "Salimova, Nurgyul"]
[Black "Danielian, Elina"]
[Result "1/2-1/2"]
[ECO "D26"]
[WhiteElo "2415"]
[BlackElo "2431"]
[Annotator "TA"]
[PlyCount "85"]
[EventDate "2022.10.03"]
[EventType "team-tourn"]
[EventCountry "AUT"]
[SourceTitle "playchess.com"]
[Source "ChessBase"]
[SourceQuality "1"]
[TimeControl "40/5400+30:1800+30"]

1. d4 d5 2. Nf3 Nf6 3. c4 dxc4 4. e3 e6 5. Bxc4 c5 6. O-O Nc6 7. Nc3 {[%emt 0:03:14] D26: Queen's Gambit Accepted: 4 e3 e6 5 Bxc5 c5 sidelines.} a6 8. Be2 cxd4 9. exd4 Be7 10. Bf4 O-O 11. Rc1 Nb4 12. Ne5 Nbd5 13. Bg3 {[%emt 0:06:32] [#]} Bd7 $146 ({Predecessor:} 13... Nxc3 14. bxc3 Ne4 15. Bf3 Nxg3 16. hxg3 Bd6 17. Re1 Qc7 18. Qb3 Rb8 {1-0 (59) Sturc,G (2046)-Hornak,P (1780) Bratislava 2010}) 14. Qb3 b5 15. Bf3 Be8 16. Nxd5 Nxd5 17. Bxd5 Qxd5 18. Qxd5 exd5 19. Nd3 Bd7 20. Rfe1 Rfe8 21. Rc7 Be6 22. Nc5 Bf6 23. Be5 {[%emt 0:09:38] White wants to play Bxf6.} Bf5 {[%emt 0:00:10] ...Bd8 is the strong threat.} 24. f3 h5 25. Kf2 {[%emt 0:00:55] Black must now prevent Bxf6.} Bg5 26. Nb7 {[%emt 0:02:00] [#] And now Nd6 would win.} Rac8 27. Rxc8 Rxc8 28. Nc5 a5 29. g3 Be7 30. Rc1 f6 31. Bf4 g5 32. Bd2 b4 33. a3 bxa3 34. bxa3 a4 35. Bb4 Bxc5 36. Rxc5 Rxc5 {[%emt 0:00:18] The position is equal.} 37. Bxc5 $11 {[%emt 0:00:36][%mdl 4096] Endgame KB-KB} Kf7 38. Ke3 Ke6 39. Kd2 Bb1 40. Ke3 Bc2 41. Kd2 Bb3 42. Ke3 Bd1 43. Bb4 {[%emt 0:00:40] Weighted Error Value: White=0.05 (flawless) /Black=0.06 (flawless)} 1/2-1/2

[Event "26th Womens ECCC 2022"]
[Site "Mayrhofen"]
[Date "2022.10.07"]
[Round "5.6"]
[White "Ushenina, Anna"]
[Black "Roebers, Eline"]
[Result "1-0"]
[ECO "E10"]
[WhiteElo "2445"]
[BlackElo "2352"]
[Annotator "TA"]
[PlyCount "61"]
[EventDate "2022.10.03"]
[EventType "team-tourn"]
[EventCountry "AUT"]
[SourceTitle "playchess.com"]
[Source "ChessBase"]
[SourceQuality "1"]
[TimeControl "40/5400+30:1800+30"]

1. d4 Nf6 2. c4 e6 3. Nf3 d5 4. e3 c6 5. Bd3 Nbd7 6. O-O Bd6 7. Nbd2 O-O 8. e4 dxe4 9. Nxe4 Nxe4 10. Bxe4 Nf6 11. Bc2 b6 {[%emt 0:07:03] 11...c5 gains popularity.} 12. Qd3 {[%emt 0:29:38] D46: Semi-Slav: 5 e3 Nbd7 6 Bd3, Black avoids the Meran.} Bb7 13. Bg5 {[%emt 0:03:10] [#] Bxf6 is the strong threat.} g6 14. Rad1 {[%emt 0:07:42] White is better.} Be7 15. Qe2 Rc8 16. Rfe1 {[%emt 0:03:13] [#]} Nh5 $146 ({Predecessor:} 16... Re8 17. Ne5 Qc7 18. Qf3 Kg7 19. Qh3 c5 20. Ba4 Red8 21. Nxf7 Rxd4 22. Rxd4 cxd4 23. Qxe6 Ng8 24. Bxe7 Qxe7 25. Qxe7 Nxe7 26. Rxe7 {1-0 (26) Morchiashvili,B (2361)-Nozdrin,A (2323) Moscow 2006}) 17. Bh6 Re8 18. a3 {[%emt 0:06:23] Prevents Bb4.} Qc7 19. Ne5 Bf6 20. c5 Rcd8 (20... bxc5 $142 21. g4 (21. dxc5 Ba6 $14) 21... Bg7) 21. g4 $16 Ng7 22. Qf3 {[%emt 0:02:16] White has more active pieces.} Qe7 23. b4 Rf8 24. Be4 ({Worse is} 24. Nxc6 Bxc6 25. Qxc6 Bxd4 26. cxb6 Qh4 27. Rxd4 Rxd4 28. bxa7 Rxg4+ 29. Kf1 Rc4 $11) 24... Rxd4 $2 {[%emt 0:01:37] [#]} (24... bxc5 {was worth a try.} 25. bxc5 Bxe5 26. dxe5 Rxd1 27. Rxd1 Rd8) 25. Nd7 $1 $18 {[%emt 0:04:42][%mdl 64] Deflection, X-Ray Attack} ({Not} 25. Rxd4 Bxe5 26. Rd3 bxc5 $16) 25... Rxd7 26. Rxd7 Qxd7 27. Qxf6 Ne8 28. Qc3 f6 (28... b5 $142 29. Bf3 f6 30. Bxf8 Kxf8) 29. Bxf8 {[%emt 0:00:12] White is clearly winning.} Kxf8 30. b5 {[%emt 0:02:00] And now cxb6 would win.} e5 31. Bf3 {[%emt 0:02:06] Weighted Error Value: White=0.07 (flawless) /Black=0.51} 1-0